 Dungeon Crawl Stone Soup version 0.29.1-13-g9f3cf754e1 (webtiles) character file.

Game seed: 1867102768139983673

53 ChrisAssaf the Shooter (level 3, -29/30 HPs)
             Began as a Draconian Hunter on Jan 19, 2023.
             Was a Follower of Wu Jian.
             Engulfed by a cloud of flame (30 damage)
             ... on level 3 of the Dungeon.
             The game lasted 00:06:47 (1287 turns).

ChrisAssaf the Shooter (Draconian Hunter)           Turns: 1287, Time: 00:06:48

Health: -29/30     AC:  6    Str: 13    XL:     3   Next: 64%
Magic:  3/4        EV: 12    Int: 11    God:    Wu Jian [*.....]
Gold:   107        SH:  0    Dex: 14    Spells: 3/3 levels left

rFire   . . .      SeeInvis .   a - +0 shortbow
rCold   . . .      Faith    .   (shield currently unavailable)
rNeg    . . .      Spirit   .   (body armour unavailable)
rPois   .          Reflect  +   n - +1 hat
rElec   .          Harm     .   (no cloak)
rCorr   .          Rampage  .   (no gloves)
Will    .....                   (no boots)
Stlth   +.........              c - amulet of reflection
HPRegen 0.10/turn               (no ring)
MPRegen 0.09/turn               (no ring)

@: confused, brilliant
A: AC +5, unfitting armour, cold-blooded, MP-powered wands
a: Renounce Religion


You were on level 3 of the Dungeon.
You worshipped Wu Jian.
Wu Jian was aware of your devotion.
You visited 1 branch of the dungeon, and saw 3 of its levels.

You collected 107 gold pieces.

Inventory:

Hand Weapons
 a - a +0 shortbow (weapon)
 e - a +0 hand axe
Missiles
 k - 3 boomerangs
Armour
 n - a +1 hat (worn)
Jewellery
 c - an amulet of reflection (around neck)
 h - an amulet of the acrobat
Scrolls
 b - a scroll of immolation
 f - a scroll of fog {unknown}
 g - a scroll of blinking {unknown}
 i - a scroll of enchant armour {unknown}
 m - 2 scrolls of teleportation {unknown}
Potions
 d - a potion of curing {unknown}
 j - a potion of invisibility {unknown}
 l - a potion of lignification {unknown}
 o - a potion of might {unknown}
 p - a potion of brilliance


   Skills:
 * Level 2.3 Fighting
 * Level 1.0 Axes
 * Level 4.3 Ranged Weapons
 * Level 2.0 Dodging
 * Level 1.1 Stealth
 * Level 0.7 Spellcasting


You had 3 spell levels left.
You didn't know any spells.
Your spell library contained the following spells:

 Spells                   Type           Power      Damage    Failure   Level
 Blink                    Tloc           0%         N/A       45%         2
 Manifold Assault         Tloc           0%         N/A       100%        5
 Storm Form               Tmut/Air       0%         N/A       100%        7


Dungeon Overview and Level Annotations

Branches:
Dungeon (3/15)

Altars:
Wu Jian
Yredelemnul

Annotations:
D:3 Pargi


Innate Abilities, Weirdness & Mutations

Your plain brown scales are hard. (AC +5)
You cannot fit into any form of body armour.
You are cold-blooded and may be slowed by cold attacks.
You expend magic power (3 MP) to strengthen your wands.


Message History

The giant cockroach attacks as you move away!
The giant cockroach bites you but does no damage.
The orc wizard casts a spell.
The orc wizard flickers and vanishes!
Deactivating autopickup; reactivate with Ctrl-A.
The giant cockroach closely misses you.
The orc wizard points at you and mumbles some strange words.
You are confused.
Non-targeted confused fire: a) +0 shortbow
Press: ? - help, Q - select action, (/) - cycle Dir - look around, f - activate Look: an orc, wielding a +0 hand axe (inner flame)
Okay, then.
The giant cockroach closely misses you.
The giant cockroach attacks as you move away!
The giant cockroach closely misses you. The orc attacks as you move away!
The orc hits you but does no damage. The orc attacks as you move away!
The orc hits you but does no damage.
The giant cockroach bites you but does no damage.
Non-targeted confused fire: a) +0 shortbow
Press: ? - help, Q - select action, (/) - cycle Dir - look around, f - activate Look: an orc, wielding a +0 hand axe (inner flame)
Okay, then.
You clumsily bash the giant cockroach but do no damage.
Flame seeps out of the giant cockroach.
You tail-slap the giant cockroach.
The giant cockroach is heavily wounded.
The giant cockroach is engulfed in blazing flames.
The Council accepts your kill.
The giant cockroach explodes!
The fiery explosion engulfs the orc!!
You kill the orc!
The Council accepts your kill. The fiery explosion engulfs you!!
Ouch! That really hurt!
* * * LOW HITPOINT WARNING * * *
The orc wizard mumbles some strange words.
The orc wizard flickers and vanishes!
You hear an angry hiss.
You hear a shout! x2
You're too confused to move!
You are engulfed in blazing flames.
Ouch! That really hurt!
You die...

############
...........#
#.n§@§..#
#..§°o..#
#.o§.§..#
#.......#
#.......#
#.##o..###
#..#.....##
##.#..##..#
#....#
#.$....#.##
##....#


You could see a necrophage (inner flame) and 3 orcs.

Vanquished Creatures
  2 adders (D:2)
  2 dart slugs (D:2)
  An orc (D:3)
  A ball python (D:1)
  2 endoplasms
  2 giant cockroaches
  3 goblins
  3 hobgoblins
  2 quokkas (D:2)
  2 bats (D:1)
  2 frilled lizards (D:2)
  4 kobolds (D:2)
  2 rats
28 creatures vanquished.

Vanquished Creatures (others)
  A plant (D:2)
1 creature vanquished.

Grand Total: 29 creatures vanquished

Notes
Turn   | Place    | Note
-------+----------+-------------------------------------------
     0 | D:1      | ChrisAssaf the Draconian Hunter began the quest for the
                  | Orb.
     0 | D:1      | Reached XP level 1. HP: 17/17 MP: 1/1
   181 | D:1      | Reached skill level 1 in Stealth
   198 | D:1      | Gained mutation: You expend magic power (3 MP) to
                  | strengthen your wands. [potion of mutation]
   349 | D:1      | Reached XP level 2. HP: 24/24 MP: 2/2
   386 | D:2      | Found a faded altar of an unknown god.
   389 | D:2      | Found a basalt altar of Yredelemnul.
   415 | D:2      | Reached skill level 4 in Ranged Weapons
   442 | D:2      | Prayed at the altar of an unknown god.
   442 | D:2      | Became a worshipper of the Wu Jian Council
   442 | D:2      | Reached * piety under Wu Jian
   529 | D:2      | Reached XP level 3. HP: 29/29 MP: 3/3
   686 | D:2      | Reached skill level 1 in Axes
  1233 | D:3      | Noticed Pargi
  1263 | D:3      | Noticed a necrophage
  1286 | D:3      | HP: 1/30 [spore (27)]
  1287 | D:3      | Engulfed by a cloud of flame

Illustrated notes

Levels and vault maps discovered:
D:1:      minmay_arrival_widening_spiral_wide, layout_basic
D:2:      layout_rooms, basic_altar, shapermc_ecumenical_altar_acropolis
D:3:      layout_rooms, tgw_trog, uniq_grinder, uniq_ijyb,
          uniq_crazy_yiuf_cottage, uniq_jessica, uniq_pargi

Skill      XL: |  1  2  3 |
---------------+----------+-----
Stealth        | 1 |  1.1
Ranged Weapons | 4 |  4.3
Axes           | 1 |  1.0
Dodging        | 2 |  2.0
Fighting       | |  2.3
Spellcasting   | |  0.7

Action                   || total
-------------------------++-------
Melee: Hand axe          ||    33
       Tailslap          ||     5
       Punch             ||     1
       Shortbow          ||     1
 Fire: Shortbow          ||    54
  Use: Scroll            ||     2
       Potion            ||     2
Armor: Skin              ||    17
Dodge: Dodged            ||    34
Block: Other             ||    14
